 Dungeon Crawl Stone Soup version 0.13.1 (webtiles) character file.

1109 Regal the Cleaver (level 7, -4/58 HPs)
             Began as a Minotaur Gladiator on Nov 28, 2013.
             Killed from afar by an orc wizard (8 damage)
             ... with a magic dart
             ... on Level 4 of the Dungeon.
             The game lasted 00:12:40 (5728 turns).

Regal the Cleaver (Minotaur Gladiator)              Turns: 5728, Time: 00:12:40

HP  -4/58        AC  5     Str 19      XL: 7   Next: 79%
MP  11/11        EV 13     Int  5      God:
Gold 209         SH  0     Dex 13      Spells:  0 memorised,  6 levels left

Res.Fire  : + + .   See Invis. : .   a - +1,+0 hand axe {=f}
Res.Cold  : . . .   Warding    : .   j - +1 orc leather armour {rF+}
Life Prot.: . . .   Conserve   : .   (no shield)
Res.Poison: .       Res.Corr.  : .   c - +0 cap
Res.Elec. : .       Clarity    : .   (no cloak)
Sust.Abil.: . .     Spirit.Shd : .   n - +0 pair of dwarf gauntlets
Res.Mut.  : .       Stasis     : .   (no boots)
Res.Rott. : .       Flight     : .   (no amulet)
Saprovore : . . .                    t - ring of protection from fire
                                     k - ring of magical power

@: slightly resistant to hostile enchantments, very unstealthy
A: retaliatory headbutt, horns 2
a: no special abilities


You were on level 4 of the Dungeon.
You were not hungry.

You visited 1 branch of the dungeon, and saw 6 of its levels.

You collected 189 gold pieces.

Inventory:

Hand weapons
 a - a +1,+0 hand axe (weapon) {=f}
 z - a cursed -2,-1 sling
Missiles
 p - a throwing net [frayed] (quivered)
 A - 15 stones
Armour
 b - a +0 leather armour
 c - a +0 cap (worn)
 h - a +0 chain mail
 i - a +0 ring mail
 j - a +1 orcish leather armour of fire resistance (worn)
 n - a +0 pair of dwarven gauntlets (worn)
 y - a cursed +0 scale mail
Magical devices
 w - a wand of flame (0)
Comestibles
 f - 6 bread rations
 o - 2 meat rations
Scrolls
 u - a scroll of enchant weapon I
Jewellery
 k - a ring of magical power (left hand)
 t - a ring of protection from fire (right hand)
Potions
 m - a potion of paralysis
Books
 s - a book of Burglary

   Spells                             Type                      Level
   Apportation                        Translocation                1
   Swiftness                          Charms/Air                   2
   Passwall                           Transmutation/Earth          3
   Passage of Golubria                Translocation                4
   Lee's Rapid Deconstruction         Earth                        5
   Darkness                           Hexes                        7


   Skills:
 - Level 4.3 Fighting
 + Level 9.6 Axes
 - Level 2.0 Throwing
 + Level 5.3 Dodging


You had 6 spell levels left.
You didn't know any spells.

Dungeon Overview and Level Annotations

Branches:
Dungeon (6/27)
 Temple: D:4-7          Orc: D:6-11

Altars:
Vehumet

Shops:
D:5 *

Annotations:
D:4 Sigmund
D:6 Dowan, Duvessa


Innate Abilities, Weirdness & Mutations

You reflexively headbutt those who attack you in melee.
You have a pair of horns on your head.


Message History

Unknown command.
You hit the orc wizard. You headbutt the orc wizard.
The orc wizard is severely wounded.
The orc wizard hits you with an orcish halberd!
* * * LOW HITPOINT WARNING * * *
It hits you but does no damage.
Unknown command.
Unknown command.
You barely miss the orc wizard. Your headbutt misses the orc wizard.
The orc wizard is severely wounded.
Unknown command.
You hit the orc wizard. Your headbutt misses the orc wizard.
The orc wizard is almost dead.
The orc wizard barely misses you. You furiously retaliate!
You headbutt the orc wizard!
You kill the orc wizard!
Unknown command.
Unknown command.
The magic dart hits you!
You die...

.##o........# ###.....###
.##....####.# #.........#
.####### #.# #.#.###.#.## # .#
#.# #.#...#....# # .# ### #.#
#.###.###..###### .# #.. .#.#
#.#.............# .# #.# .#.#
#.#........####.# o#####.#
.#.#####.#####....####.#
.#(..#.##.#...#.@...............#
.#.#.#.#..###.#)#.#o.......#.....
.#.#.#.#..# #.o{#..........#.###.
.#.#.#.#..#########.####.>.......
.#.#......#.............<..#{###.
....[..####.#######.###.#..#.# #.
##.####.....# #.#...#..#.# ..
##.# #.##### #.#.#.#....#...
...####{###########.#.#.#........


You could see 2 orc priests.

Vanquished Creatures
  Purgy (D:4)
  An ogre (D:4)
  Blork the orc (D:4)
  5 killer bees (D:4)
  5 orc priests
  An orc wizard (D:4)
  A worker ant (D:4)
  Ijyb (D:4)
  Terence (D:2)
  3 giant mites (D:3)
  6 adders
  A worm (D:2)
  2 adder skeletons (D:4)
  A grey rat (D:2)
  3 giant geckos
  2 oozes
  15 orcs
  6 giant cockroaches
  13 goblins
  6 hobgoblins
  14 jackals
  A quokka (D:2)
  7 bats
  A giant gecko skeleton (D:4)
  3 giant newts
  11 kobolds
  16 rats
128 creatures vanquished.

Notes
Turn   | Place    | Note
--------------------------------------------------------------
     0 | D:1      | Regal, the Minotaur Gladiator, began the quest for the Orb.
     0 | D:1      | Reached XP level 1. HP: 18/18 MP: 0/0
    88 | D:1      | Reached skill level 4 in Axes
    92 | D:1      | Reached XP level 2. HP: 16/25 MP: 0/0
   843 | D:1      | Reached skill level 5 in Axes
   972 | D:2      | Reached XP level 3. HP: 30/30 MP: 1/1
  1280 | D:2      | Reached XP level 4. HP: 36/38 MP: 1/1
  1349 | D:2      | Noticed Terence
  1362 | D:2      | Killed Terence
  1362 | D:2      | Reached skill level 6 in Axes
  2271 | D:3      | Reached skill level 7 in Axes
  2271 | D:3      | Reached XP level 5. HP: 27/44 MP: 1/1
  2498 | D:3      | Found a radiant altar of Vehumet.
  3043 | D:4      | Reached XP level 6. HP: 19/51 MP: 2/2
  3328 | D:4      | Noticed Ijyb
  3328 | D:4      | Noticed Blork the orc
  3337 | D:4      | Killed Ijyb
  3342 | D:4      | Killed Blork the orc
  3342 | D:4      | Reached skill level 8 in Axes
  3711 | D:4      | Noticed an ogre
  3716 | D:4      | Killed an ogre
  3922 | D:4      | Noticed Purgy
  4065 | D:4      | Killed Purgy
  4065 | D:4      | Reached XP level 7. HP: 31/58 MP: 2/2
  4350 | D:4      | Noticed Sigmund
  4366 | D:5      | Entered Level 5 of the Dungeon
  4416 | D:5      | Found Chyhac's Hardware Store.
  4427 | D:5      | Reached skill level 9 in Axes
  4434 | D:6      | Noticed Duvessa
  4434 | D:6      | Noticed Dowan
  5116 | D:4      | Reached skill level 5 in Dodging
  5728 | D:4      | Killed from afar by an orc wizard

Action                   |  1- 3 |  4- 6 |  7- 9 || total
-------------------------+-------+-------+-------++-------
Melee: Hand axe          |    88 |   207 |    43 ||   338
Throw: Throwing net      |       |     5 |     1 ||     6
       Stone             |       |     1 |       ||     1
Evoke: Wand              |       |       |     6 ||     6
  Use: Scroll            |       |     9 |     3 ||    12
       Potion            |       |     5 |     1 ||     6
